 Dungeon Crawl Stone Soup version 0.30-a0-614-ge5ea1257c2 (webtiles) character file.

Game seed: 5433028786067163514

18 Oxelix the Sneak (level 2, -3/17 HPs)
             Began as a Kobold Brigand on Jan 9, 2023.
             Slain by a gnoll
             ... wielding a +0 club
              (6 damage)
             ... on level 1 of the Dungeon.
             The game lasted 00:01:22 (871 turns).

Oxelix the Sneak (Kobold Brigand)                    Turns: 871, Time: 00:01:23

Health: -3/17      AC:  3    Str:  8    XL:     2   Next: 85%
Magic:  2/2        EV: 14    Int: 12    God:
Gold:   21         SH:  5    Dex: 16    Spells: 1/1 levels left

rFire   + . .      SeeInvis .    a - +2 dagger
rCold   x . .      Faith    .    (no shield)
rNeg    . . .      Spirit   .    b - +0 robe
rPois   .          Reflect  +    (no helmet)
rElec   .          Harm     .    c - +0 cloak
rCorr   .          Rampage  .    (no gloves)
Will    .....                    (no boots)
Stlth   ++++                     i - amulet of reflection
HPRegen 0.22/turn                g - ring of fire
MPRegen 0.08/turn                (no ring)

@: no status effects
A: small, no large weapons, nightstalker 3
a: no special abilities


You were on level 1 of the Dungeon.
You visited 1 branch of the dungeon, and saw 2 of its levels.

You collected 21 gold pieces.

Inventory:

Hand Weapons
 a - a +2 dagger (weapon)
Missiles
 d - 9 poisoned darts (quivered)
 e - 3 curare-tipped darts
Armour
 b - a +0 robe (worn)
 c - a +0 cloak (worn)
Jewellery
 g - a ring of fire (left hand)
 i - an amulet of reflection (around neck)
 k - a ring of wizardry
Scrolls
 j - a scroll of teleportation {unknown}
Potions
 f - a potion of haste {unknown}
 h - a potion of might {unknown}


   Skills:
 - Level 2.1 Fighting
 + Level 3.2 Short Blades
 - Level 2.1 Throwing
 - Level 1.2 Dodging
 * Level 6.1 Stealth


You had one spell level left.
You didn't know any spells.
Your spell library contained the following spells:

 Spells                   Type           Power      Damage    Failure   Level
 Iskenderun's Battlesphe  Conj           0%         2d6       100%        5
 Iron Shot                Conj/Erth      0%         9d1       100%        6
 Spellforged Servitor     Conj/Summ      0%         N/A       100%        7


Dungeon Overview and Level Annotations

Branches:
Dungeon (2/15)

Altars:


Innate Abilities, Weirdness & Mutations

You are small and have problems with some larger weapons.
You are completely attuned to the shadows.


Message History

The bat hits you. The bat hits you but does no damage.
The bat closely misses you.
You hit the bat.
You kill the bat!
Done exploring.
Done exploring.
Done exploring.
There is a stone staircase leading down here.
You climb downwards.
The gnoll shouts! x2; You hear a shout!
The gnoll shouts!
Found a stone staircase leading up.
There is a stone staircase leading up here.
You can't go down here!
You climb upwards.
There is a stone staircase leading down here.
There is an open door here.
There is an open door here.
There is an open door here.
There is a stone staircase leading down here.
You climb downwards.
There is a stone staircase leading up here.
The gnoll hits you with a +0 club.
You climb upwards.
There is a stone staircase leading down here.
You hit the gnoll.
The gnoll is moderately wounded.
The gnoll hits you with a +0 club.
You barely miss the gnoll.
The gnoll is moderately wounded.
The gnoll hits you with a +0 club.
You hit the gnoll.
The gnoll is heavily wounded.
The gnoll hits you with a +0 club.
* * * LOW HITPOINT WARNING * * *
You barely miss the gnoll.
The gnoll is heavily wounded.
You closely miss the gnoll.
The gnoll is heavily wounded.
The gnoll hits you with a +0 club.
You die...

#(.............# #..†..# #
#..............# #.....# #
#..............# #.....# #
##.###........####.....#####
#.# #........'..'.....'....
#.# #........####.....#####
####+#####.#.....# ####### #
#.....# #.#g.#### #
#.....####+#.@# ##
#.....#.......# #.
#.....#.......# ##### ###.
#.....'.......# #...# #...
#.....#......## #...# #...
#.....#......# #...# #...
#.....#......## #...####...
#######..†....# #...##.....
#....)..# #...##.....


You could see a gnoll.

Vanquished Creatures
  2 dart slugs (D:1)
  2 endoplasms (D:1)
  2 hobgoblins (D:1)
  A ball python (D:1)
  4 bats (D:1)
  2 frilled lizards (D:1)
13 creatures vanquished.

Notes
Turn   | Place    | Note
-------+----------+-------------------------------------------
     0 | D:1      | Oxelix the Kobold Brigand began the quest for the Orb.
     0 | D:1      | Reached XP level 1. HP: 12/12 MP: 1/1
   138 | D:1      | Found a faded altar of an unknown god.
   277 | D:1      | Reached XP level 2. HP: 17/17 MP: 2/2
   659 | D:1      | Reached skill level 6 in Stealth
   871 | D:1      | Slain by a gnoll

Illustrated notes

Levels and vault maps discovered:
D:1:      dpeg_arrival_round_c, layout_basic,
          ebering_ecumenical_altar_sacrificial, feat_on_display
D:2:      layout_loops_ring, serial_shops, nicolae_shop_stone

Skill      XL: |  1  2 |
---------------+-------+-----
Short Blades   | 3 |  3.2
Stealth        | 6 |  6.1
Fighting       | |  2.1
Throwing       | |  2.1
Dodging        | |  1.2

Action                   || total
-------------------------++-------
Melee: Dagger            ||    31
 Stab: Sleeping          ||     7
Armor: Robe              ||     6
Dodge: Dodged            ||    26

Table legend: (Time is in decaauts)
 A = Elapsed time spent in this place.
 B = Non-inter-level travel time spent in this place.
 C = Inter-level travel time spent in this place.
 D = Time resting spent in this place.
 E = Time spent auto-exploring this place.
 F = Levels seen in this place.
 G = Mean time per level.
                   A        B        C        D        E       F      G
               +--------+--------+--------+--------+--------+-----+--------+
         Total |    867 |    830 |     37 |      0 |    676 |   2 |  433.5 |
       Dungeon |    867 |    830 |     37 |      0 |    676 |   2 |  433.5 |
               +--------+--------+--------+--------+--------+-----+--------+

Top non-repeatable levels by time:
     D:1: 862 daAuts
     D:2: 4 daAuts
